 Dungeon Crawl Stone Soup version 0.23-a0-435-g79ed067 (webtiles) character file.

5328 Amnesiac the Covert (level 10, -11/51 HPs)
             Began as a Spriggan Enchanter on Nov 15, 2018.
             Was a Priest of Dithmenos.
             Mangled by a hornet (13 damage)
             ... on level 1 of the Lair of Beasts.
             The game lasted 00:20:35 (8781 turns).

Amnesiac the Covert (Spriggan Enchanter)            Turns: 8781, Time: 00:20:37

Health: -11/51     AC:  3    Str:  4    XL:     10   Next: 38%
Magic:  12/22      EV: 26    Int: 20    God:    Dithmenos [***...]
Gold:   368        SH:  0    Dex: 17    Spells: 7/23 levels left

rFire    . . .     SeeInvis +   a - +2 dagger
rCold    . . .     Gourm    .   m - +0 buckler
rNeg     . . .     Faith    .   b - +1 robe
rPois    .         Spirit   .   (helmet restricted)
rElec    .         Reflect  .   (no cloak)
rCorr    .         Harm     .   (gloves unavailable)
MR       +....                  (boots unavailable)
Stlth    ++........             (no amulet)
HPRegen  0.17/turn              F - +2 ring of evasion
MPRegen  0.18/turn              (no ring)

@: confused, lethally poisoned (-11 -> -11), hasted, wreathed by umbra, very
quick
A: very small, unfitting armour, see invisible, herbivore, speed 3, slow
metabolism 2
a: Shadow Step, Renounce Religion


You were on level 1 of the Lair of Beasts.
You worshipped Dithmenos.
Dithmenos was most pleased with you.
You were full.

You visited 3 branches of the dungeon, and saw 10 of its levels.

You collected 368 gold pieces.

Inventory:

Hand Weapons
 a - a +2 dagger (weapon)
 r - a +2 antimagic dagger
Missiles
 y - 83 arrows
Armour
 b - a +1 robe (worn)
 m - a +0 buckler (worn)
Jewellery
 F - a +2 ring of evasion (left hand)
Wands
 p - a wand of random effects (13)
 D - a wand of polymorph (11)
Scrolls
 c - 2 scrolls of teleportation {!r}
 f - 4 scrolls of enchant armour {!r}
 j - a scroll of fog {!r}
 l - 5 scrolls of identify {!r}
 q - 4 scrolls of remove curse {!r, unknown}
 v - a scroll of blinking {!r, unknown}
 w - 2 scrolls of amnesia {!r, unknown}
 x - 2 scrolls of enchant weapon {!r}
 z - a scroll of acquirement {!r, unknown}
 A - a scroll of magic mapping {!r, unknown}
 G - a scroll of summoning {!r, unknown}
Potions
 e - a potion of magic {!q, unknown}
 g - 5 potions of haste {!q}
 h - 2 potions of brilliance {!q}
 i - a potion of mutation {!q}
 k - 2 potions of lignification {!q, unknown}
 n - a potion of cancellation {!q, unknown}
 o - 4 potions of curing {!q, unknown}
 s - 3 potions of agility {!q, unknown}
 t - a potion of invisibility {!q, unknown}
 u - 2 potions of heal wounds {!q, unknown}
 B - a potion of flight {!q, unknown}
 E - a potion of degeneration {!q, unknown}
Miscellaneous
 C - a phantom mirror
Comestibles
 d - 7 rations


   Skills:
 + Level 4.7 Fighting
 + Level 6.4 Short Blades
 + Level 8.8 Dodging
 + Level 10.0 Stealth
 + Level 3.4 Shields
 + Level 7.4 Spellcasting
 + Level 8.1 Hexes
 + Level 4.0 Transmutations


You had 7 spell levels left.
You knew the following spells:

 Your Spells              Type           Power        Failure   Level  Hunger
a - Ensorcelled Hibernat  Hex/Ice        ###...       3%          2    None
b - Corona                Hex            #####..      1%          1    None
c - Corpse Rot            Necr           N/A          19%         2    None
d - Dazzling Spray        Conj/Hex       ###...       7%          3    #......
e - Confuse               Hex            #####...     1%          3    #......
f - Sticks to Snakes      Tmut           ###.....     3%          2    None
w - Tukima's Dance        Hex            #####...     1%          3    #......

Your spell library contained the following spells:

 Spells                   Type           Power        Failure   Level  Hunger
 Beastly Appendage        Tmut           ###...       2%          1    None
 Freeze                   Ice            #...         12%         1    None
 Spider Form              Tmut/Pois      ###.......   16%         3    #......
 Throw Frost              Conj/Ice       #.....       19%         2    None
 Leda's Liquefaction      Hex/Erth       ###.......   22%         4    ###....
 Ozocubu's Armour         Chrm/Ice       #.......     34%         3    #......
 Stone Arrow              Conj/Erth      #.....       34%         3    #......
 Ice Form                 Ice/Tmut       ###.....     45%         4    ###....
 Blade Hands              Tmut           ###.......   52%         5    #####..
 Summon Ice Beast         Ice/Summ       #.......     75%         4    ###....
 Throw Icicle             Conj/Ice       #.......     75%         4    ###....
 Summon Forest            Summ/Tloc      #.........   97%         5    #####..
 Hydra Form               Tmut           ###.......   98%         6    ######.
 Summon Hydra             Summ           #.........   100%        7    #######


Dungeon Overview and Level Annotations

Branches:
Dungeon (8/15)             Temple (1/1) D:7            Lair (1/6) D:8

Altars:
Ashenzari
Cheibriados
Dithmenos
Elyvilon
Fedhas
Gozag
Hepliaklqana
Kikubaaqudgha
Makhleb
Nemelex Xobeh
Okawaru
Qazlal
Ru
Sif Muna
Trog
Uskayaw
Wu Jian
Xom
Yredelemnul
The Shining One

Shops:
D:4 (   D:8 %

Annotations:
D:4 dig/passwall
Lair:1 1 transporter, Garbasso's ghost, journeyman GrCj


Innate Abilities, Weirdness & Mutations

You are very small and have problems with some larger weapons.
You are too small for most types of armour.
You have supernaturally acute eyesight. (SInv)
You are a herbivore.
You cover ground extremely quickly.
You need to consume almost no food.


Message History

You barely miss the queen bee. You block the killer bee's attack.
The killer bee misses you. The killer bee barely misses you.
Casting: Ensorcelled Hibernation (safe; 3% risk of failure)
Confirm with . or Enter, or press ? or * to list all spells.
Aiming: Ensorcelled Hibernation (safe; 3% risk of failure)
Press: ? - help, Shift-Dir - straight line, f - queen bee
Aim: a queen bee (umbra, chance to defeat MR: 52%)
The queen bee looks drowsy...
You feel sick. The killer bee misses you. You block the killer bee's attack.
The killer bee closely misses you. You block the killer bee's attack.
Unknown command.
The helpless queen bee fails to defend itself.
You perforate the queen bee like a sieve!!!
You kill the queen bee!
Dithmenos accepts your kill.
Your Stealth skill increases to level 10!
Your Transmutations skill increases to level 4!
The killer bee misses you. The killer bee completely misses you.
Casting: Ensorcelled Hibernation (safe; 3% risk of failure)
Confirm with . or Enter, or press ? or * to list all spells.
Aiming: Ensorcelled Hibernation (safe; 3% risk of failure)
Press: ? - help, Shift-Dir - straight line, f - killer bee
Aim: a killer bee (umbra, chance to defeat MR: 62%)
The killer bee looks drowsy...
The killer bee stings you. The killer bee completely misses you.
You block the killer bee's attack. The killer bee completely misses you.
Unknown command.
The helpless killer bee fails to defend itself.
You skewer the killer bee like a kebab!!!
You kill the killer bee!
Dithmenos accepts your kill.
The killer bee completely misses you. x2
Casting: Ensorcelled Hibernation (safe; 3% risk of failure)
Confirm with . or Enter, or press ? or * to list all spells.
Aiming: Ensorcelled Hibernation (safe; 3% risk of failure)
Press: ? - help, Shift-Dir - straight line, f - killer bee
Aim: a killer bee (umbra, chance to defeat MR: 62%)
The killer bee looks drowsy...
You feel sick. The killer bee completely misses you.
You block the killer bee's attack. The killer bee completely misses you.
Unknown command.
The helpless killer bee fails to defend itself.
You skewer the killer bee like a kebab!!!
You kill the killer bee!
Dithmenos accepts your kill.
You hit the killer bee but do no damage.
You block the killer bee's attack. Garbasso's ghost hits you.
The killer bee stings you! x2
* * * LOW HITPOINT WARNING * * *
You block the killer bee's attack. The killer bee completely misses you.
You feel sick.
You see here a killer bee corpse.
Garbasso's ghost points at you and mumbles some strange words.
The spray of energy hits you!
* * * LOW HITPOINT WARNING * * *
You are confused.
The killer bee closely misses you.
You're too confused to move!
The killer bee misses you. x2
Really quaff
g - 6 smoky silvery potions {!q}?
It was a potion of haste {!q}.
You feel yourself speed up.
You feel sick. The killer bee completely misses you. The hornet misses you.
The killer bee closely misses you. The hornet stings you!
You die...

........##...#...##..........
........##.#.#.####....#.###.
....#...##...#.†.##..........
... #...#:#.#†#.#.#..........
....#...#!$#...#..#...#......
.......©#©.#.#W#.©#©.........
........#?.#...#yy#...#......
....#...#!#y#y#.#.#...#####..
....#...##..@#..y##...... ..
P.. #...##.#.#.#.##...... ..
...!##%..#...##........
.....# #.###.###........
....... ## ####......... .#
#.. . . . # #


You could see a hornet, a killer bee and Garbasso's ghost.

Vanquished Creatures
  The ghost of lurker the Skirmisher, a novice DrWr of Sif Muna (D:7)
  The ghost of Nr616 the Basher, a novice GrFi of Qazlal (D:7)
  A queen bee (Lair:1)
  A hornet (Lair:1)
  A hippogriff (D:8)
  A yak (D:8)
  Grum (D:8)
  A basilisk (D:8)
  Edmund (D:4)
  A soldier ant (D:7)
  2 orc warriors
  2 ice beasts
  A black bear (D:7)
  3 ogres
  A sky beast (D:6)
  2 phantoms (D:8)
  2 wolves
  3 centaurs
  2 crocodiles
  A big kobold (D:8)
  2 bullfrogs
  A wyvern skeleton (D:6)
  4 killer bees (Lair:1)
  4 wights (D:6)
  2 howler monkeys
  3 crimson imps
  A centaur zombie (D:6)
  2 jellies
  3 orc priests
  3 hounds
  7 orc wizards
  Terence (D:2)
  7 worker ants
  A killer bee zombie (D:7)
  Robin (D:3)
  2 gnolls (D:4)
  9 adders
  An ooze (D:1)
  3 dart slugs (D:1)
  2 leopard geckos
  32 orcs
  5 ball pythons
  7 bats
  5 giant cockroaches
  15 goblins
  8 hobgoblins
  9 jackals
  13 kobolds
  5 quokkas
  10 frilled lizards
  A jackal zombie (D:5)
  2 quokka skeletons
  3 rats
203 creatures vanquished.

Vanquished Creatures (collateral kills)
  A gnoll (D:4)
1 creature vanquished.

Vanquished Creatures (others)
  A dancing weapon (D:4)
1 creature vanquished.

Grand Total: 205 creatures vanquished

Notes
Turn   | Place    | Note
-------+----------+-------------------------------------------
     0 | D:1      | Amnesiac the Spriggan Enchanter began the quest for the
                  | Orb.
     0 | D:1      | Reached XP level 1. HP: 9/9 MP: 5/5
   533 | D:4      | Noticed a worker ant
   565 | D:5      | Entered Level 5 of the Dungeon
   565 | D:5      | Noticed an orc wizard
   566 | D:5      | Reached XP level 2. HP: 14/14 MP: 6/6
   584 | D:4      | Learned a level 2 spell: Ensorcelled Hibernation
   671 | D:5      | Reached XP level 3. HP: 17/17 MP: 4/8
   676 | D:5      | Learned a level 3 spell: Confuse
   920 | D:4      | Reached skill level 1 in Fighting
   920 | D:4      | Reached skill level 5 in Stealth
   956 | D:4      | Noticed a bullfrog
   968 | D:4      | Killed a bullfrog
   968 | D:4      | Reached XP level 4. HP: 16/22 MP: 5/10
   980 | D:4      | Learned a level 3 spell: Tukima's Dance
  1019 | D:4      | Reached XP level 5. HP: 20/25 MP: 0/11
  1331 | D:4      | Noticed Edmund
  1778 | D:4      | Killed Edmund
  1778 | D:4      | Reached XP level 6. HP: 28/30 MP: 0/13
  1783 | D:4      | Learned a level 3 spell: Dazzling Spray
  2039 | D:4      | Found Komug's Antique Weapon Shoppe.
  2172 | D:4      | Reached skill level 6 in Stealth
  2368 | D:5      | Reached skill level 5 in Hexes
  2646 | D:5      | Reached skill level 5 in Dodging
  2817 | D:5      | Reached XP level 7. HP: 20/35 MP: 3/14
  3286 | D:5      | Found a sacrificial altar of Ru.
  3522 | D:6      | Reached skill level 7 in Stealth
  3831 | D:5      | Reached skill level 5 in Spellcasting
  3940 | D:6      | Reached XP level 8. HP: 36/39 MP: 11/16
  4275 | D:7      | Found a runed gate.
  4275 | D:7      | Found a runed gate.
  4275 | D:7      | Found a runed gate.
  4307 | D:6      | Reached skill level 1 in Shields
  4345 | D:7      | Found a staircase to the Ecumenical Temple.
  4378 | Temple   | Entered the Ecumenical Temple
  4536 | Temple   | Became a worshipper of Dithmenos the Shadowed
  4548 | D:7      | Reached skill level 8 in Stealth
  4962 | D:1      | Found a shimmering altar of Xom.
  5009 | D:1      | Learned a level 2 spell: Corpse Rot
  5080 | D:1      | Reached * piety under Dithmenos
  5291 | D:2      | Noticed Terence
  5297 | D:2      | Killed Terence
  5460 | D:2      | Found a stormy altar of Qazlal.
  5740 | D:3      | Found an ancient bone altar of Kikubaaqudgha.
  5740 | D:3      | Found a burning altar of Makhleb.
  5818 | D:3      | Reached skill level 5 in Short Blades
  5950 | D:3      | Noticed Robin
  5983 | D:3      | Reached ** piety under Dithmenos
  6081 | D:3      | Killed Robin
  6265 | D:3      | Found an iron altar of Okawaru.
  6574 | D:6      | Reached XP level 9. HP: 44/44 MP: 5/19
  6972 | D:7      | Learned a level 2 spell: Sticks to Snakes
  7367 | D:7      | Reached skill level 1 in Transmutations
  7584 | D:7      | You fall through a shaft!
  7584 | D:8      | Found a staircase to the Lair.
  7584 | D:8      | Noticed Grum
  7592 | D:8      | Reached skill level 9 in Stealth
  7859 | D:7      | Noticed Nr616's ghost (novice GrFi)
  7863 | D:7      | Noticed lurker's ghost (novice DrWr)
  7923 | D:7      | Killed lurker's ghost
  7944 | D:7      | Killed Nr616's ghost
  7979 | D:8      | Found Datsak's Food Boutique.
  8002 | D:8      | Reached *** piety under Dithmenos
  8007 | D:8      | Reached XP level 10. HP: 46/51 MP: 9/21
  8047 | D:8      | Killed Grum
  8712 | Lair:1   | Entered Level 1 of the Lair of Beasts
  8745 | Lair:1   | Noticed Garbasso's ghost (journeyman GrCj)
  8746 | Lair:1   | Found a transporter.
  8750 | Lair:1   | Found a transporter.
  8766 | Lair:1   | Reached skill level 10 in Stealth
  8781 | Lair:1   | HP: 2/51 [poisoned by a killer bee]
  8781 | Lair:1   | Mangled by a hornet

Vault maps used:
D:1:      grunt_arrival_lava_bath, xom_teletrap_fun
D:2:      lemuel_crystal_altar, serial_bayou, serial_bayou_pond_d,
          serial_bayou_pond_d, serial_bayou_ford_a, serial_bayou_shore_b,
          bh_walls_and_bars, uniq_terence
D:3:      lemuel_doored_altar, grunt_temple_overflow_open,
          minmay_misc_feat_pillars, uniq_robin
D:4:      serial_shops, shop, hex_tiny, due_unseen_surprise, uniq_edmund
D:5:      lemuel_coloured_pillars_altar, first_ration
D:6:      kennysheep_opposing_triangles
D:7:      minmay_temple_entry_mist, gammafunk_ghost_cemetery
D:8:      david_lair_generic, serial_shops, shop, uniq_grum
Temple:   regret_index_temple_waves
Lair:1:   beast_lair_carwin_large_2, gammafunk_ghost_hive, uniq_gastronok

Skill      XL: |  1  2  3  4  5  6  7  8  9 10 |
---------------+-------------------------------+-----
Spellcasting   | 3 4 5 6 7 |  7.4
Fighting       | 1 2 3 4 |  4.7
Short Blades   | 2 3 4 5 6 |  6.4
Stealth        | 5 6 7 8 9 10 | 10.0
Hexes          | 4 5 6 7 8 |  8.1
Dodging        | 4 5 6 7 8 |  8.8
Shields        | 2 3 |  3.4
Transmutations | 3 4 |  4.0

Action                   |  1- 3 |  4- 6 |  7- 9 | 10-12 || total
-------------------------+-------+-------+-------+-------++-------
Melee: Dagger            |    43 |    45 |   527 |    25 ||   640
 Cast: Corona            |     9 |     1 |       |       ||    10
       Ensorcelled Hiber |     8 |    48 |    98 |    22 ||   176
       Confuse           |     3 |     9 |    40 |     4 ||    56
       Tukima's Dance    |       |     3 |       |       ||     3
       Dazzling Spray    |       |       |     4 |       ||     4
Evoke: Wand              |       |       |     4 |       ||     4
  Use: Scroll            |     4 |     4 |       |       ||     8
       Potion            |       |       |       |     1 ||     1
 Stab: Sleeping          |     8 |    18 |    71 |    14 ||   111
       Confused          |     1 |     3 |    29 |     4 ||    37
       Distracted        |       |       |     2 |       ||     2
  Eat: Ration            |       |     4 |     4 |       ||     8
Armor: Robe              |     3 |     1 |    39 |       ||    43
Dodge: Dodged            |    29 |    50 |   435 |    42 ||   556
Block: Buckler           |       |       |    59 |    12 ||    71

Table legend:
 A = Non-vault XP
 B = Vault XP
 C = Vault XP percentage of total XP
 D = Non-vault monster count
 E = Vault monster count
 F = Vault count percentage of total count
                 A         B        C        D         E       F
            +---------+---------+-------+---------+---------+-------
      Total |    3862 |    3750 |  49.3 |     173 |      31 |  15.2
            +---------+---------+-------+---------+---------+-------
        D:1 |      64 |       0 |   0.0 |      33 |       0 |   0.0
        D:2 |      23 |      36 |  61.0 |      15 |       1 |   6.2
        D:3 |     153 |      33 |  17.7 |      13 |      11 |  45.8
        D:4 |     235 |     162 |  40.8 |      18 |       1 |   5.3
        D:5 |     539 |       0 |   0.0 |      21 |       0 |   0.0
        D:6 |    1198 |     208 |  14.8 |      33 |       3 |   8.3
        D:7 |    1076 |    1392 |  56.4 |      26 |       3 |  10.3
        D:8 |     526 |    1075 |  67.1 |      12 |       6 |  33.3
     Temple |      48 |       0 |   0.0 |       2 |       0 |   0.0
     Lair:1 |       0 |     844 | 100.0 |       0 |       6 | 100.0
            +---------+---------+-------+---------+---------+-------
